 Dungeon Crawl Stone Soup version 0.30.0-15-g856e2d3f33 (webtiles) character file.

Game seed: 10333137494336825047

571 javelincjr the Trooper (level 7, -5/53 HPs)
             Began as a Djinni Conjurer on May 18, 2023.
             Was an Initiate of Makhleb.
             Slain by a gnoll sergeant
             ... wielding a +1 trident of protection
              (9 damage)
             ... on level 4 of the Dungeon.
             The game lasted 00:17:19 (3661 turns).

javelincjr the Trooper (Djinni Conjurer)            Turns: 3661, Time: 00:17:20

Health: -5/53      AC:  9    Str:  8    XL:     7   Next: 60%
Gold:   273        EV: 13    Int: 25    God:    Makhleb [......] SH:  0 Dex: 12

rFire   + + +        b - +8 whip "Kamumeokh" {drain, Int+6}
rCold   x . .        (no shield)
rNeg    . . .        p - +2 robe {rF+}
rPois   ∞            o - +0 helmet
rElec   .            (no cloak)
rCorr   .            (no gloves)
SInv    .            (boots unavailable)
Will    .....        e - amulet of the acrobat
Stlth   ++           g - +4 ring of protection
HPRegen 0.28/turn    (no ring)
MPRegen 0.00/turn

%: acrobat, infuse magic (-6 HP)
@: flying
A: sickness immunity, fire resistance 2, cold vulnerability 1, float, innate
caster, HP casting, extra vitality 1
a: Renounce Religion


You were on level 4 of the Dungeon.
You worshipped Makhleb.
Makhleb was noncommittal.
You visited 2 branches of the dungeon, and saw 6 of its levels.
You also visited: Sewer.

You collected 273 gold pieces.

Inventory:

Hand Weapons
 b - the +8 whip "Kamumeokh" (weapon) {drain, Int+6}
   (You found it on level 3 of the Dungeon)

   Int:       It affects your intelligence (+6).
Missiles
 u - a boomerang of dispersal
Armour
 o - a +0 helmet (worn)
 p - a +2 robe of fire resistance (worn)
 t - an orb of guile
Jewellery
 e - an amulet of the acrobat (around neck)
 g - a +4 ring of protection (left hand)
Wands
 s - a wand of roots (9)
Scrolls
 c - 7 scrolls of teleportation
 h - a scroll of summoning
 j - a scroll of silence
 k - a scroll of enchant weapon
 r - a scroll of vulnerability
 w - a scroll of magic mapping
Potions
 i - 6 potions of flight
 n - a potion of ambrosia


   Skills:
 * Level 4.3 Fighting
 + Level 1.1 Maces & Flails
 + Level 4.2 Dodging
 + Level 3.3 Stealth
 + Level 4.1 Spellcasting


You knew the following spells:

 Your Spells              Type           Power      Damage    Failure   Level
a - Magic Dart            Conj           100%       1d8       1%          1
b - Searing Ray           Conj           52%        2d6       2%          2
c - Dazzling Flash        Conj/Hex       52%        N/A       4%          3
d - Fulminant Prism       Conj/Hex       13%        3d8       16%         4
e - Iskenderun's Mystic   Conj/Tloc      26%        2d7       16%         4
f - Foxfire               Conj/Fire      100%       2x1d9     1%          1
g - Wereblood             Tmut           26%        N/A       2%          2
h - Inner Flame           Hex/Fire       26%        N/A       4%          3
Your spell library was empty.

Dungeon Overview and Level Annotations

Branches:
Dungeon (5/15)             Temple (1/1) D:4           Sewer (visited)

Altars:
Ashenzari
Cheibriados
Dithmenos
Hepliaklqana
Makhleb
Okawaru
Qazlal
Uskayaw
Wu Jian
Xom
Zin
The Shining One

Shops:
D:3 ?


Innate Abilities, Weirdness & Mutations

You are immune to sickness and miasma.
You are immune to poison.
Your flesh is very heat resistant. (rF++)
You are vulnerable to cold. (rC-)
You float through the air rather than walking.
You learn spells naturally, not from books.
Your magical power is your life essence.
You have superior vitality. (+4 MHP)


Message History

You erupt in a blast of force!
The mystic blast hits the white imp!
The white imp is almost dead.
The white imp is knocked back by the mystic blast.
The mystic blast hits the gnoll.
The gnoll is moderately wounded.
The gnoll is knocked back by the mystic blast.
The mystic blast hits the gnoll sergeant but does no damage.
The gnoll sergeant is severely wounded.
The mystic blast hits the gnoll.
The gnoll is heavily wounded.
The gnoll is knocked back by the mystic blast.
You hear a shout!
The gnoll sergeant misses you.
There is a stone staircase leading up here.
The white imp grinds its teeth.
The gnoll sergeant hits you with a +1 trident of protection.
You fly upwards.
There is a stone staircase leading down here.
You hit the gnoll sergeant but do no damage.
The gnoll sergeant is severely wounded.
The gnoll sergeant hits you with a +1 trident of protection!
You hit the gnoll sergeant but do no damage.
You drain the gnoll sergeant.
The gnoll sergeant is severely wounded.
The gnoll sergeant hits you with a +1 trident of protection.
* * * LOW HITPOINT WARNING * * *
You barely miss the gnoll sergeant.
The gnoll sergeant is severely wounded.
The gnoll sergeant hits you with a +1 trident of protection!
* * * LOW HITPOINT WARNING * * *
You barely miss the gnoll sergeant.
The gnoll sergeant is severely wounded.
The gnoll sergeant barely misses you.
You barely miss the gnoll sergeant.
The gnoll sergeant is severely wounded.
The gnoll sergeant misses you.
You completely miss the gnoll sergeant.
The gnoll sergeant is severely wounded.
The gnoll sergeant hits you with a +1 trident of protection!
You die...

#.#####################........##
.................................
..#####################........##
..........[....................##
........##############.#+###.###.
.#...................#.#.###.# #.
.#...............##.##.#.....# #.
.#...............g.....####### #.
.#..............@##..........# ##
.#...............###########.# #
.#...............####### #.# #
.#.....................# #.# #
.#.....................# #.# #
.......................# #.# #
###....................# #.# #
..........[..^.........# #.# #
###....................# #.# #


You could see a gnoll sergeant (drained).

Vanquished Creatures
  A phantom (D:4)
  A scorpion (D:4)
  2 orc priests
  Jessica (D:3)
  3 orc wizards (D:4)
  A sickly merfolk siren (Sewer)
  A malarious merfolk avatar (Sewer)
  Robin (D:3)
  6 adders
  3 gnolls (D:5)
  2 river rats (Sewer)
  2 worms (D:3)
  A dart slug (D:4)
  10 orcs
  5 ball pythons
  5 bats
  8 endoplasms
  4 giant cockroaches
  11 goblins
  10 hobgoblins
  6 quokkas
  7 frilled lizards
  5 kobolds
  25 rats
121 creatures vanquished.

Vanquished Creatures (others)
  340 foxfires
340 creatures vanquished.

Grand Total: 461 creatures vanquished

Notes
Turn   | Place    | Note
-------+----------+-------------------------------------------
     0 | D:1      | javelincjr the Djinni Conjurer began the quest for the Orb.
     0 | D:1      | javelincjr set off with the following spells memorised:
                  | Magic Dart, Searing Ray, Dazzling Flash, Fulminant Prism,
                  | Iskenderun's Mystic Blast.
     0 | D:1      | Reached XP level 1. HP: 15/15 MP: 0/0
   143 | D:1      | Reached XP level 2. HP: 20/22 MP: 0/0
   288 | D:1      | Found a faded altar of an unknown god.
   417 | D:1      | Reached skill level 1 in Fighting
   807 | D:2      | Reached XP level 3. HP: 26/27 MP: 0/0
   807 | D:2      | Learned a level 1 spell: Foxfire
  1065 | D:2      | Reached XP level 4. HP: 30/33 MP: 0/0
  1373 | D:3      | Reached XP level 5. HP: 35/39 MP: 0/0
  1373 | D:3      | Learned a level 2 spell: Wereblood
  1446 | D:3      | Found a glowing drain.
  1470 | Sewer    | Entered a sewer
  1728 | Sewer    | Reached XP level 6. HP: 43/46 MP: 0/0
  2050 | D:3      | Found a burning altar of Makhleb.
  2054 | D:3      | Identified the +8 whip "Kamumeokh" {drain, Int+6}
  2063 | D:3      | Noticed Jessica
  2068 | D:3      | Killed Jessica
  2098 | D:3      | Found Vuisch's Magic Scroll Shoppe.
  2347 | D:3      | Noticed Robin
  2351 | D:3      | Killed Robin
  2621 | D:3      | Became a worshipper of Makhleb the Destroyer
  2885 | D:4      | Reached XP level 7. HP: 47/51 MP: 0/0
  2885 | D:4      | Learned a level 3 spell: Inner Flame
  3038 | D:4      | Reached skill level 1 in Maces & Flails
  3273 | D:4      | Found a staircase to the Ecumenical Temple.
  3549 | Temple   | Entered the Ecumenical Temple
  3549 | Temple   | Found a transporter.
  3549 | Temple   | Found a transporter.
  3551 | Temple   | Found a transporter.
  3551 | Temple   | Found a transporter.
  3647 | D:5      | Entered Level 5 of the Dungeon
  3661 | D:4      | Slain by a gnoll sergeant

Illustrated notes

Levels and vault maps discovered:
D:1:      minmay_arrival_stair_chambers, layout_basic,
          chequers_ecumenical_altar_island
D:2:      layout_rooms
D:3:      layout_basic, grunt_temple_overflow_magic_moments, bloody_makhleb,
          cheibrodos_sewer_entry_bend, serial_shops, shop_fountains, uniq_robin,
          uniq_jessica
D:4:      layout_basic, minmay_temple_entry_drinking_statues
D:5:      layout_basic, lemuel_doored_altar, serial_shops,
          nicolae_shop_waterfront, uniq_pikel
Temple:   hellmonk_temple_divided_pantheon

Skill      XL: |  1  2  3  4  5  6  7 |
---------------+----------------------+-----
Fighting       | 1 2 3 4 |  4.3
Stealth        | 2 3 |  3.3
Dodging        | 3 4 |  4.2
Spellcasting   | 4 |  4.1
Maces & Flails | 1 |  1.1

Action                     |  1- 3 |  4- 6 |  7- 9 || total
---------------------------+-------+-------+-------++-------
  Melee: Dagger            |     4 |     8 |       ||    12
         Whip              |       |       |    14 ||    14
   Cast: Magic Dart        |    35 |       |       ||    35
         Foxfire           |    32 |   147 |    17 ||   196
         Searing Ray       |       |     6 |       ||     6
         Iskenderun's Myst |       |       |     3 ||     3
         Inner Flame       |       |       |     2 ||     2
    Use: Scroll            |       |     3 |     6 ||     9
         Potion            |       |       |     2 ||     2
   Stab: Sleeping          |       |       |     1 ||     1
 Armour: Robe              |       |     4 |     3 ||     7
  Dodge: Dodged            |     5 |    35 |    12 ||    52
